 Dungeon Crawl Stone Soup version 0.28-a0-476-g0f06bd746f (webtiles) character file.

Game seed: 12782219749380606790

7831 Spaninq the Cruncher (level 11, -4/87 HPs)
             Began as a Human Cinder Acolyte on Sept 16, 2021.
             Was a High Priest of Ignis.
             Slain by a blink frog (6 damage)
             ... on level 1 of the Lair of Beasts.
             The game lasted 00:33:23 (13305 turns).

Spaninq the Cruncher (Human Cinder Acolyte)        Turns: 13305, Time: 00:33:24

Health: -4/87      AC: 10    Str: 21    XL:     11   Next: 44%
Magic:  23/23      EV: 10    Int: 17    God:    Ignis [*****.]
Gold:   578        SH:  0    Dex:  9    Spells: 24/26 levels left

rFire   + . .      SeeInvis .   F - +1 lajatang (vamp)
rCold   . . .      Faith    .   (shield currently unavailable)
rNeg    . . .      Spirit   .   K - +3 ring mail of Serendipity {Slay+6}
rPois   +          Reflect  .   x - +2 hat
rElec   .          Harm     .   (no cloak)
rCorr   .          Rampage  .   (no gloves)
Will    .....                   (no boots)
Stlth   ..........              B - amulet of regeneration
HPRegen 1.24/turn               D - ring of poison resistance
MPRegen 0.18/turn               o - +6 ring of strength

@: invisible
A: no striking features
a: Renounce Religion, Sea of Fire, Foxfire Swarm, Rising Flame


You were on level 1 of the Lair of Beasts.
You worshipped Ignis.
Ignis was extremely pleased with you.
You visited 3 branches of the dungeon, and saw 10 of its levels.
You also visited: Ossuary.

You collected 578 gold pieces.

Inventory:

Hand Weapons
 a - a -1 falchion of flaming
 p - a +0 quarterstaff of electrocution
 F - a +1 vampiric lajatang (weapon)
Missiles
 k - 5 throwing nets (quivered)
Armour
 b - a +0 robe
 x - a +2 hat (worn)
 y - a +0 kite shield
 K - the +3 ring mail of Serendipity (worn) {Slay+6}
   (You found it on level 8 of the Dungeon)

   Slay:      It affects your accuracy & damage with ranged weapons and melee
   (+6).
Magical Staves
 m - a staff of fire
Jewellery
 d - a ring of fire
 n - a ring of ice
 o - a +6 ring of strength (right hand)
 w - a ring of protection from fire
 B - an amulet of regeneration (around neck)
 D - a ring of poison resistance (left hand)
 J - an amulet of reflection
Wands
 A - a wand of iceblast (6)
 G - a wand of flame (8)
 H - a wand of charming (4)
 I - a wand of mindburst (6)
Scrolls
 c - a scroll of holy word
 e - 5 scrolls of teleportation
 f - a scroll of summoning
 l - 2 scrolls of identify
 q - a scroll of enchant armour
 r - a scroll of amnesia
 s - a scroll of brand weapon
 u - 2 scrolls of magic mapping
 C - 2 scrolls of enchant weapon
 E - a scroll of fog
Potions
 g - 5 potions of curing
 h - 2 potions of ambrosia {unknown}
 i - 4 potions of lignification
 j - 2 potions of brilliance
 v - 3 potions of haste
 z - 2 potions of attraction


   Skills:
 + Level 8.7 Fighting
 - Level 3.5 Long Blades
 * Level 8.7 Staves
 + Level 3.4 Armour
 - Level 8.0 Spellcasting
 - Level 8.2 Fire Magic


You had 24 spell levels left.
You knew the following spells:

 Your Spells              Type           Power      Damage    Failure   Level
a - Scorch                Fire           68%        2d8       1%          2

Your spell library contained the following spells:

 Spells                   Type           Power      Damage    Failure   Level
 Inner Flame              Hex/Fire       20%        N/A       10%         3
 Dazzling Flash           Conj/Hex       12%        N/A       45%         3
 Animate Dead             Necr           3%         N/A       86%         4
 Cause Fear               Hex            3%         N/A       86%         4
 Agony                    Necr           6%         N/A       99%         5
 Silence                  Hex/Air        3%         N/A       99%         5
 Haunt                    Necr/Summ      3%         N/A       100%        7
 Discord                  Hex            3%         N/A       100%        8
 Infestation              Necr           3%         N/A       100%        8


Dungeon Overview and Level Annotations

Branches:
Dungeon (8/15)             Temple (1/1) D:5            Lair (1/6) D:8
Ossuary (visited)

Altars:
Ashenzari
Cheibriados
Dithmenos
Elyvilon
Gozag
Hepliaklqana
Kikubaaqudgha
Makhleb
Nemelex Xobeh
Okawaru
Ru
Sif Muna
Trog
Uskayaw
Vehumet
Wu Jian
Xom
Yredelemnul
Zin


Message History

The cane toad stings you. The cane toad barely misses you.
You hit the cane toad but do no damage.
The cane toad is severely wounded.
The cane toad is no longer more vulnerable to fire.
The cane toad stings you!
You hit the cane toad.
You feel better.
The cane toad is almost dead.
The blink frog hits you but does no damage.
The cane toad stings you!!
The blink frog hits you but does no damage.
You closely miss the cane toad.
The cane toad is almost dead.
The cane toad stings you! The blink frog closely misses you.
You slash the cane toad!
You kill the cane toad!
The blink frog hits you! The wolf closely misses you.
The yak snorts and paws the ground.
You closely miss the blink frog. The wolf barely misses you.
The blink frog hits you!
* * * LOW HITPOINT WARNING * * *
The blink frog blinks!
The wolf bites you.
* * * LOW HITPOINT WARNING * * *
The wolf bites you!
* * * LOW HITPOINT WARNING * * *
2 blink frogs come into view.
The blink frog gives a loud, deep croak! x2
The blink frog hits you but does no damage.
The blink frog closely misses you.
The blink frog blinks! x2
You miss the blink frog. The wolf bites you!
* * * LOW HITPOINT WARNING * * *
The blink frog barely misses you. The wolf bites you but does no damage.
The yak gores the plant!
The plant begins to die.
The blink frog hits you but does no damage.
Okay, then.
Okay, then.
You fade into invisibility!
The wolf bites you.
* * * LOW HITPOINT WARNING * * *
The blink frog hits you.
You die...

.........................
........................
..####..##.....####.#..#
..# #. ###..## #..# ..# #
#..# #..## ..# #..#
#####..P# ....
#..###P##...######. ....
#.##...ยง.hYYh.........
.......F..@####.........
.........##F8.##.##.P##
..####..##.....#.# # .
#..P#8.>F8..#
#.[##....Y..#
#...#....#..#
##.####+###....#
#.#.(...# .#..##...


You could see 3 yaks, 3 blink frogs and 2 wolves.

Vanquished Creatures
  Harold (D:7)
  Pikel (D:7)
  Joseph (D:7)
  4 cane toads (Lair:1)
  2 komodo dragons
  Eustachio (D:6)
  2 water moccasins (Lair:1)
  2 hornet zombies (Ossuary)
  An orc warrior (D:7)
  A black bear (D:5)
  2 necrophages
  3 sky beasts (D:6)
  4 ogres
  3 wolves (D:8)
  4 centaurs
  5 bullfrogs
  A gnoll sergeant (D:7)
  2 water moccasin skeletons
  A wyvern skeleton (D:7)
  8 wights
  2 electric eels (D:6)
  A vampire bat (D:8)
  2 howler monkeys
  6 bullfrog zombies
  4 centaur zombies
  2 bullfrog skeletons
  An iron imp (D:8)
  3 orc priests
  A gnoll shaman (D:8)
  2 hounds
  3 iguanas
  6 hell rats
  A killer bee zombie (Ossuary)
  19 mummies (Ossuary)
  2 howler monkey zombies (D:8)
  7 adders
  12 gnolls
  2 white imps
  An adder skeleton (D:4)
  A worm (D:5)
  2 dart slugs
  16 orcs
  8 ball pythons
  7 bats
  4 bat skeletons (D:8)
  2 bat zombies (D:8)
  3 endoplasms
  2 giant cockroaches
  10 goblins
  4 hobgoblins
  2 jackals (D:2)
  6 quokkas
  2 frilled lizards
  10 kobolds
  3 rats
208 creatures vanquished.

Vanquished Creatures (others)
  A wight (D:6)
  A fungus (Lair:1)
  19 plants
  8 withered plants (Ossuary)
29 creatures vanquished.

Grand Total: 237 creatures vanquished

Notes
Turn   | Place    | Note
-------+----------+-------------------------------------------
     0 | D:1      | Spaninq the Human Cinder Acolyte began the quest for the
                  | Orb.
     0 | D:1      | Reached XP level 1. HP: 18/18 MP: 2/2
   578 | D:1      | Reached XP level 2. HP: 9/24 MP: 3/3
  1410 | D:1      | Learned a level 2 spell: Scorch
  1505 | D:1      | Reached XP level 3. HP: 29/29 MP: 1/4
  2165 | D:2      | Found a broken altar of Ashenzari.
  2316 | D:2      | Reached XP level 4. HP: 34/35 MP: 1/6
  3316 | D:3      | Reached XP level 5. HP: 41/41 MP: 0/7
  3432 | D:3      | Found a shadowy altar of Dithmenos.
  3483 | D:3      | Found a sacrificial altar of Ru.
  3486 | D:3      | Found an iron altar of Okawaru.
  4947 | D:4      | Reached XP level 6. HP: 42/48 MP: 0/9
  5191 | D:4      | Reached skill level 5 in Fire Magic
  5822 | D:5      | Entered Level 5 of the Dungeon
  5835 | D:5      | Found a staircase to the Ecumenical Temple.
  5843 | Temple   | Entered the Ecumenical Temple
  6205 | D:5      | Reached XP level 7. HP: 54/54 MP: 6/11
  7079 | D:6      | Found a hazy altar of Hepliaklqana.
  7080 | D:6      | Found a shimmering altar of Xom.
  7081 | D:6      | Noticed a spectral ugly thing
  7093 | D:6      | Noticed Eustachio
  7297 | D:6      | Reached XP level 8. HP: 61/61 MP: 11/14
  7702 | D:6      | Reached skill level 5 in Fighting
  7843 | D:5      | Reached skill level 5 in Spellcasting
  8404 | D:6      | Killed Eustachio
  8419 | D:6      | Reached XP level 9. HP: 68/68 MP: 10/17
  9122 | D:6      | Found a sparkling altar of Nemelex Xobeh.
  9155 | D:7      | Found an ornate altar of the Wu Jian Council.
  9247 | D:7      | Found a sand-covered staircase.
  9247 | D:7      | Noticed Harold
  9257 | D:7      | Killed Harold
  9306 | D:7      | Noticed Pikel
  9316 | D:7      | Killed Pikel
  9317 | D:7      | Reached XP level 10. HP: 77/77 MP: 2/20
  9341 | Ossuary  | Entered an ossuary
  9569 | Ossuary  | Reached skill level 5 in Staves
 10362 | D:7      | Noticed Joseph
 10370 | D:7      | Killed Joseph
 10736 | D:7      | Found a radiant altar of Vehumet.
 11313 | D:8      | Identified a scroll of acquirement
 11798 | D:8      | Found a snail-covered altar of Cheibriados.
 11859 | D:8      | Identified the +3 ring mail of Serendipity {Slay+6}
 11891 | D:8      | Found a staircase to the Lair.
 11892 | D:8      | Noticed a komodo dragon
 11919 | D:8      | Killed a komodo dragon
 11920 | D:8      | Reached skill level 1 in Armour
 11920 | D:8      | Reached XP level 11. HP: 81/86 MP: 14/23
 12441 | D:8      | Found an ancient bone altar of Kikubaaqudgha.
 12519 | Lair:1   | Entered Level 1 of the Lair of Beasts
 12648 | D:8      | Acquired a +1 vampiric lajatang
 13305 | Lair:1   | HP: 2/87 [wolf (5)]
 13305 | Lair:1   | Slain by a blink frog

Illustrated notes

Levels and vault maps discovered:
D:1:      dpeg_arrival_oval, layout_basic
D:2:      layout_loops_ring, basic_altar, nrook_campfire
D:3:      layout_basic, nicolae_dithmenos_the_darkroom,
          mainiacjoe_overflow_catwalk_spiral
D:4:      minmay_inner_zag, layout_basic
D:5:      layout_basic, minmay_temple_entry_grid
D:6:      layout_loops_ring, nemelex_dance_club_becter,
          regret_index_temple_of_mockery, kennysheep_nub, serial_bayou_ford_a,
          uniq_eustachio
D:7:      layout_basic, nzn_wu_jian_contemplation, vehumet_altar_wand_db,
          nicolae_ossuary_entry_plus, uniq_harold, uniq_joseph, uniq_pikel
D:8:      layout_basic, kennysheep_vampire_church, chei_slow_surprise,
          david_lair_shrubbed
Temple:   chequers_temple_sunken
Lair:1:   layout_small_grid, gammafunk_ghost_arena, grunt_megastairs_1,
          uniq_urug

Skill      XL: |  1  2  3  4  5  6  7  8  9 10 11 |
---------------+----------------------------------+-----
Fire Magic     | 4 5 6 7 8 |  8.2
Spellcasting   | 2 3 4 5 7 8 |  8.0
Fighting       | 4 5 6 8 |  8.7
Staves         | 4 7 8 |  8.7
Armour         | 1 3 |  3.4
Long Blades    | |  3.5

Action                   |  1- 3 |  4- 6 |  7- 9 | 10-12 || total
-------------------------+-------+-------+-------+-------++-------
Melee: Falchion          |    84 |       |       |       ||    84
       Dagger            |    10 |     8 |       |       ||    18
       Staff             |       |       |     2 |       ||     2
       Quarterstaff      |       |       |     1 |    50 ||    51
       Lajatang          |       |       |       |    57 ||    57
 Cast: Scorch            |    13 |    69 |    92 |   147 ||   321
  Use: Scroll            |       |       |    17 |     6 ||    23
       Potion            |       |       |       |     4 ||     4
Armor: Robe              |    25 |     7 |    18 |    13 ||    63
       Ring mail         |       |       |       |    51 ||    51
Dodge: Dodged            |    66 |    10 |    46 |   124 ||   246

Table legend: (Time is in decaauts)
 A = Elapsed time spent in this place.
 B = Non-inter-level travel time spent in this place.
 C = Inter-level travel time spent in this place.
 D = Time resting spent in this place.
 E = Time spent auto-exploring this place.
 F = Levels seen in this place.
 G = Mean time per level.
                   A        B        C        D        E       F      G
               +--------+--------+--------+--------+--------+-----+--------+
         Total |  13408 |  13106 |    302 |   3320 |   7311 |  11 | 1218.9 |
       Dungeon |  11791 |  11493 |    298 |   2759 |   6729 |   8 | 1473.9 |
        Temple |    255 |    251 |      4 |      0 |    244 |   1 |  255.0 |
          Lair |    429 |    429 |      0 |    152 |    141 |   1 |  429.0 |
       Ossuary |    931 |    931 |      0 |    409 |    196 |   1 |  931.0 |
               +--------+--------+--------+--------+--------+-----+--------+

Top non-repeatable levels by time:
     D:1: 2174 daAuts
     D:8: 1852 daAuts
     D:4: 1704 daAuts
     D:5: 1549 daAuts
     D:6: 1390 daAuts
     D:2: 1087 daAuts
     D:3: 1076 daAuts
     D:7: 954 daAuts
 Ossuary: 931 daAuts
  Lair:1: 429 daAuts
  Temple: 255 daAuts
